[Event "Pashayeva Memorial Rapid 2025"]
[Site "Baku"]
[Date "2025.03.03"]
[Round "4.3"]
[White "Mamedjarova, Turkan"]
[Black "Mammadzada, Gunay"]
[Result "0-1"]
[Annotator "TA"]
[ECO "C55"]
[WhiteElo "2197"]
[BlackElo "2412"]
[PlyCount "92"]
[EventDate "2025.03.01"]
[EventType "tourn"]
[EventCountry "AZE"]
[SourceTitle "playchess.com"]
[Source "ChessBase"]
[SourceQuality "1"]
[TimeControl "900+10"]

1. e4 e5 2. Nc3 Nc6 3. Nf3 Nf6 4. Bc4 Nxe4 5. Nxe4 d5 {[%emt 0:00:02] [#]} 6. Qe2 dxc4 $17 {[%emt 0:01:14] C55: Two Knights: 4 d3, 4 d4 exd4 5 e5 and Max Lange Attack.} (6... dxe4 $6 7. Qxe4 Bd6 8. c3 $11) 7. Qxc4 Be7 8. b3 (8. O-O $17) 8... f5 $19 {[%emt 0:02:36] Black is clearly better.} 9. Ng3 $146 (9. Nc3) ({Predecessor:} 9. Nc3 e4 10. Nxe4 fxe4 11. Qxe4 O-O 12. Bb2 Bf6 13. O-O-O Bxb2+ 14. Kxb2 Qf6+ 15. Kb1 {0-1 Barbosa,D-Van Riemsdijk,H (2375) Sao Bernardo tt 1998 (2)}) 9... e4 10. Ng1 Bf6 {[%emt 0:01:57] Dodges Bb2} 11. Rb1 Ne5 ({Black should play} 11... Qd6 $19 {Hoping for ...h5.} 12. Nh5 Be5) 12. Qe2 $17 {[%emt 0:01:57] Prevents h5} O-O {[%emt 0:02:01] Active counter play!} 13. Nh3 Ng6 14. O-O Be5 15. f4 {[%emt 0:00:30] [#]} (15. Rd1 $17) 15... exf3 $1 $19 {[%emt 0:00:08] Black attacks} 16. Qxf3 (16. Rxf3 f4 17. Ne4) 16... f4 17. Ne2 Nh4 18. Qe4 Bxh3 19. gxh3 Qg5+ 20. Kh1 f3 21. Qd5+ Kh8 22. Ng3 c6 23. d4 Qxc1 24. Rbxc1 cxd5 25. dxe5 Rfe8 (25... Rae8 $17 26. c4 Rxe5 27. cxd5 Rxd5) 26. Rce1 Rac8 $36 {[%emt 0:00:13][%mdl 2048] Black has strong initiative.} 27. c4 dxc4 28. Re4 $2 {[%emt 0:00:02] [#]} (28. bxc4 Rxc4 29. e6) 28... Ng6 $2 (28... c3 $1 $19 {[%cal Rc3c2] is more deadly.} 29. Rxh4 c2 (29... Rxe5 30. Kg1 $11)) 29. bxc4 Rxe5 30. Rxf3 Rxe4 31. Nxe4 Rxc4 $17 {[%emt 0:00:02][%mdl 4096] Endgame KRN-KRN. Black is a pawn up.} 32. Nc3 h6 33. Re3 a6 34. a4 (34. Ne2 $142) 34... Nf4 $19 35. h4 a5 36. h3 (36. Re8+ {was called for.} Kh7 37. Re4) 36... Ng6 37. h5 Nf4 38. Re4 $2 (38. Kh2) 38... Rxc3 {[%emt 0:00:13] Black is clearly winning.} 39. Rxf4 Rxh3+ {[%emt 0:00:01] KR-KR. Black is two pawns up.} 40. Kg2 Rxh5 41. Rf8+ Kh7 42. Rb8 Rh4 43. Rxb7 Rxa4 44. Kg3 h5 45. Rb6 g6 46. Ra6 Kh6 {[%emt 0:00:01] Weighted Error Value: White=0.79/Black=0.35  Missed win:     	---       	Black=1      Mistake:       	White=9     	Black=2      Inaccurate:     	White=2     	Black=1      OK:         	White=9     	Black=12     Best:        	White=4     	Black=6      Strong:       	---       	Black=1} 0-1

[Event "Pashayeva Memorial Rapid 2025"]
[Site "Baku"]
[Date "2025.03.03"]
[Round "4.4"]
[White "Balajayeva, Khanim"]
[Black "Beydullayeva, Govhar"]
[Result "1/2-1/2"]
[Annotator "TA"]
[ECO "C91"]
[WhiteElo "2355"]
[BlackElo "2404"]
[PlyCount "53"]
[EventDate "2025.03.01"]
[EventType "tourn"]
[EventCountry "AZE"]
[SourceTitle "playchess.com"]
[Source "ChessBase"]
[SourceQuality "1"]
[TimeControl "900+10"]

1. e4 e5 2. Nf3 Nc6 3. Bb5 a6 4. Ba4 Nf6 5. O-O Be7 6. Re1 b5 7. Bb3 d6 8. c3 O-O 9. d4 Bg4 10. Be3 exd4 11. cxd4 Na5 12. Bc2 Nc4 13. Bc1 c5 14. b3 Nb6 15. Nbd2 cxd4 {[%emt 0:01:17] C91: Closed Ruy Lopez: 7...d6 8 c3 0-0 9 d4.} 16. h3 {[%emt 0:00:53] White sacrificed a pawn} Bh5 {[%emt 0:00:02] The position is equal.} 17. Bb2 Rc8 18. Bxd4 Nbd7 19. Rc1 Ne5 20. Bb1 $146 (20. Qe2 Nfd7 21. Bb1 Bf6 22. g4 Bg6 23. Nxe5 dxe5 24. Rxc8 Qxc8 25. Bb2 Bg5 26. Nf1 {1-0 Leventic,I (2325)-Brenjo,S Pula tt2 1990 (11)}) 20... Rxc1 21. Qxc1 Nxf3+ 22. Nxf3 Bxf3 23. gxf3 d5 24. e5 Nh5 25. Bf5 g6 26. Bg4 {[%emt 0:00:02] [#] Hoping for Bxh5. This pair of bishops is nice.} Bg5 27. Be3 {[%emt 0:01:02] Not much happened in this game.   Weighted Error Value: White=0.04 (flawless) /Black=0.01 (flawless)   OK:         	White=4     	Black=9} 1/2-1/2

[Event "Pashayeva Memorial Rapid 2025"]
[Site "Baku"]
[Date "2025.03.03"]
[Round "4.5"]
[White "Mammadova, Gulnar"]
[Black "Serikbay, Assel"]
[Result "0-1"]
[Annotator "RC"]
[ECO "B51"]
[WhiteElo "2333"]
[BlackElo "2216"]
[PlyCount "104"]
[EventDate "2025.03.01"]
[EventType "tourn"]
[EventCountry "AZE"]
[SourceTitle "playchess.com"]
[Source "ChessBase"]
[SourceQuality "1"]
[TimeControl "900+10"]

1. e4 c5 2. Nf3 d6 3. Bb5+ Nd7 4. O-O a6 5. Bd3 Ngf6 6. Re1 b5 7. c4 b4 8. a3 bxa3 9. Rxa3 e5 10. Nc3 Be7 11. Bf1 O-O 12. d3 Nb8 13. Nd5 Nc6 14. Bd2 Bg4 15. Qa4 Bd7 16. h3 Nxd5 17. exd5 Nd4 18. Qd1 Nxf3+ 19. Qxf3 f5 20. b4 cxb4 21. Bxb4 Qb6 22. Ba5 Qc5 23. Rea1 Bf6 24. Qe3 Qc8 25. Bb4 Qb8 26. Bc3 f4 27. Qc1 f3 28. Rxa6 Rxa6 29. Rxa6 fxg2 30. Bxg2 Bh4 31. Ra2 Qc8 32. Qe3 h6 33. Bb4 Bg5 34. Qg3 Bf4 35. Qh4 Qb8 36. Rb2 Bc1 37. Rb1 Bg5 38. Qh5 Bd2 39. Qd1 Bxb4 40. Qb3 Qa7 41. Qxb4 Qxf2+ 42. Kh1 Qg3 43. Qe1 Rf2 44. Qe4 Bf5 45. Rb8+ Kh7 46. Qxf5+ Rxf5 47. Be4 Qxh3+ 48. Kg1 Qg3+ 49. Kh1 Qh4+ 50. Kg2 Qg5+ 51. Kh2 Qh5+ 52. Kg2 Qg6+ 0-1

[Event "Pashayeva Memorial Rapid 2025"]
[Site "Baku"]
[Date "2025.03.03"]
[Round "5.1"]
[White "Serikbay, Assel"]
[Black "Salimova, Nurgyul"]
[Result "1/2-1/2"]
[Annotator "TA"]
[ECO "D40"]
[WhiteElo "2216"]
[BlackElo "2404"]
[PlyCount "78"]
[EventDate "2025.03.01"]
[EventType "tourn"]
[EventCountry "AZE"]
[SourceTitle "playchess.com"]
[Source "ChessBase"]
[SourceQuality "1"]
[TimeControl "900+10"]

1. d4 d5 2. Nf3 c5 3. e3 Nc6 4. c4 e6 5. Nc3 Nf6 6. Bd3 a6 7. O-O dxc4 8. Bxc4 b5 9. Bb3 Bb7 {[%emt 0:00:34] D40: Queen's Gambit Declined: Semi-Tarrasch with 5 e3.} 10. dxc5 Bxc5 11. Qe2 O-O {[%emt 0:00:18] Black is slightly better.} (11... Qc7 {seems wilder.} 12. e4 Ng4 13. g3 O-O) 12. e4 Nd7 $146 (12... Nd4 13. Nxd4 Bxd4 14. Bc2 e5 15. Bg5 Qb6 16. Rfd1 Rac8 17. Qf3 b4 18. Na4 Qd6 {½-½ Samantila,D (1770)-Mousavi,S (2216) Asia-ch U14 Hikkaduwa 2012 (4.2)}) 13. Be3 Qe7 14. Rac1 Rfd8 15. Bg5 (15. Bxc5 $11 Nxc5 16. Rfd1) 15... f6 ({Black should play} 15... Nd4 $1 $17 16. Qd2 Nxf3+ 17. gxf3 f6) 16. Be3 $11 Na5 17. Bxc5 Nxc5 18. Bc2 {[%emt 0:00:04] [#]} Nc4 19. b3 (19. Bb1 $11 {keeps the balance.}) 19... Na3 $17 20. b4 Nxc2 21. Rxc2 Nd3 22. a3 {[%emt 0:00:01] [#]} Rac8 (22... Nf4 $1 $17 23. Qe3 Qc7) 23. g3 (23. Rd1 $15 Nf4 24. Rxd8+ Qxd8 (24... Rxd8 25. Qe3 $15) 25. Qe3) 23... Qc7 (23... Qd7 $17 24. Rb1 h6) 24. Rd1 $11 {[%emt 0:01:00] The position is equal.} Ne5 {[%emt 0:00:19] ...Rxd1+ would now be deadly.} 25. Rxd8+ Rxd8 26. Nxe5 Qxe5 27. Qe3 Qd4 28. Qxd4 Rxd4 {[%emt 0:00:01][%mdl 4096] Endgame KRB-KRN} 29. f3 Rc4 30. Kf2 Kf7 31. Rc1 g5 32. h3 h5 33. Ne2 Rxc1 34. Nxc1 {[%emt 0:00:01] KB-KN} g4 35. hxg4 hxg4 36. Nb3 {[%emt 0:00:16] and Nc5 should not be overlooked} gxf3 37. Nc5 Bc8 38. Kxf3 e5 39. Nd3 Kg6 {[%emt 0:00:11] Weighted Error Value: White=0.13 (very precise) /Black=0.17 (very precise)   Mistake:       	White=3     	Black=3      Inaccurate:     	White=1     	---        OK:         	White=12    	Black=8      Best:        	White=3     	Black=2} 1/2-1/2

[Event "Pashayeva Memorial Rapid 2025"]
[Site "Baku"]
[Date "2025.03.03"]
[Round "5.3"]
[White "Mammadzada, Gunay"]
[Black "Balajayeva, Khanim"]
[Result "1/2-1/2"]
[Annotator "TA"]
[ECO "C50"]
[WhiteElo "2412"]
[BlackElo "2355"]
[PlyCount "37"]
[EventDate "2025.03.01"]
[EventType "tourn"]
[EventCountry "AZE"]
[SourceTitle "playchess.com"]
[Source "ChessBase"]
[SourceQuality "1"]
[TimeControl "900+10"]

1. e4 e5 2. Nf3 Nc6 3. Bc4 Nf6 4. d3 Bc5 5. Nc3 h6 6. Be3 Bxe3 7. fxe3 d6 8. h3 Na5 {[%emt 0:01:19] C50: Hungarian Defence and Giuoco Pianissimo.} 9. Bb5+ c6 10. Ba4 b5 {[%emt 0:00:02] Weighted Error Value: White=0.08 (flawless) /Black=0.00 (flawless)   OK:         	White=1     	Black=2} 11. Bb3 $146 Nxb3 12. axb3 O-O 13. O-O Nh7 14. Ne2 Ng5 15. Ng3 f5 16. exf5 Bxf5 17. Nxe5 Bxh3 18. Rxf8+ Qxf8 19. Nxc6 {1-0 Molano,W (1764)-Garcia Urruchurto,H (1425) COL-ch sf Santa Rosa 2021 (5)} 1/2-1/2

[Event "Pashayeva Memorial Rapid 2025"]
[Site "Baku"]
[Date "2025.03.03"]
[Round "5.4"]
[White "Yakubbaeva, Nilufar"]
[Black "Mamedjarova, Turkan"]
[Result "0-1"]
[Annotator "TA"]
[ECO "D45"]
[WhiteElo "2187"]
[BlackElo "2197"]
[PlyCount "138"]
[EventDate "2025.03.01"]
[EventType "tourn"]
[EventCountry "AZE"]
[SourceTitle "playchess.com"]
[Source "ChessBase"]
[SourceQuality "1"]
[TimeControl "900+10"]

1. d4 Nf6 2. Nf3 e6 3. c4 d5 4. Nc3 c6 5. e3 Nbd7 6. Be2 Bd6 7. O-O O-O 8. b3 Re8 9. Bb2 b6 {[%emt 0:00:28] D45: Semi-Slav: 5 e3.} 10. Rc1 {[%emt 0:00:32] has lost popularity (10.a4).} Bb7 11. Nd2 $146 (11. Re1 Rc8 12. Bf1 c5 13. cxd5 exd5 14. g3 Qe7 15. Bg2 c4 16. bxc4 Rxc4 17. Nd2 {1-0 Tomashevsky,E (2706)-Kobalia,M (2614) Razuvaev Memorial online blitz 2020 (1)}) 11... e5 (11... Rc8 $11) 12. cxd5 $1 $14 cxd5 13. Nb5 Bb8 14. dxe5 Nxe5 15. Nd4 a6 16. N2f3 {[%emt 0:01:26][%csl Od4] Strong Square White (d4)} Ng6 17. Nc6 Qd6 18. Nxb8 Raxb8 19. Bd4 Rbc8 20. Rxc8 Rxc8 21. Qa1 Ne8 22. Rc1 Rxc1+ 23. Qxc1 Nc7 24. Bb2 {[%emt 0:00:59] A strong pair of Bishops.} Qc5 25. Qc3 {[%emt 0:00:35][%csl Gb2][%cal Rc3g7] [#]} Ne6 26. Nd4 Ne7 {[%emt 0:02:50] Repels Nf5} 27. Kf1 Qxc3 28. Bxc3 Nc5 29. f3 f6 30. Ke1 Kf7 31. Kd2 g6 32. Bd1 Nc8 33. h4 Nd6 34. Bc2 Ke7 {[%emt 0:00:22] [#]} 35. h5 $1 f5 (35... Kf7 36. Ne2) 36. hxg6 hxg6 37. Ne2 Ne6 38. Bb2 Nb5 39. Nc1 (39. Be5 $16) 39... d4 $11 40. a4 dxe3+ 41. Kxe3 Nbc7 42. Nd3 Nd5+ 43. Kf2 f4 44. Ne5 g5 45. Be4 Nc5 46. Ba3 Ke6 $1 47. Bxc5 bxc5 {[%emt 0:00:16][%mdl 4096] Endgame KBN-KBN} 48. Nc4 Bc6 49. g3 Nb4 50. gxf4 gxf4 51. Bb1 $2 (51. Ke2 $11 {and White stays safe.}) 51... Bd5 (51... Kd5 $142 52. Bf5 Kd4) 52. Nd2 Ke5 53. Be4 Be6 54. Bb7 (54. a5) 54... Kd4 55. Ke2 Bf5 56. a5 (56. Be4 {was necessary.} Be6 57. Bb7) 56... Bd3+ $19 57. Kf2 Bc2 (57... Bb5 $19 {...Nc6 is the strong threat.} 58. Ne4 Nd3+ 59. Kg2 Nc1) 58. Bc8 $2 {[%emt 0:00:25] Loses the game.} (58. Kf1 $17) 58... Kc3 59. Ne4+ Bxe4 $1 (59... Kxb3 60. Nxc5+ Kc4 61. Nxa6 (61. Bxa6+ $2 Kxc5 62. Bc8 Bd3 $19) 61... Nxa6 62. Bxa6+ Kb4 63. Ke2 Kxa5 64. Kd2 $11) 60. fxe4 Kxb3 {[%emt 0:00:01] KB-KN. Black is a pawn up.} 61. Kf3 $2 (61. e5 Nd3+ 62. Kf3 Nxe5+ 63. Kxf4) 61... c4 {[%emt 0:00:26] ( -> ...c3)} 62. e5 c3 63. e6 Nc6 {[%emt 0:00:43] Black mates.} 64. Bb7 c2 ({And not} 64... Nxa5 65. e7 c2 (65... Nxb7 $2 66. e8=Q $18) 66. e8=Q $11) 65. Bxc6 c1=Q (65... c1=R $2 66. e7 Rxc6 67. e8=Q $18 (67. e8=B $2 {loses.} Rf6 $19)) 66. Bd5+ Kb4 67. Ke4 Qe3+ 68. Kf5 Kc5 69. Be4 Kd6 {[%emt 0:03:18] Weighted Error Value: White=0.26 (precise) /Black=0.15 (very precise)   Loses game:     	White=2     	---        Mistake:       	White=4     	Black=3      Inaccurate:     	White=5     	Black=5      OK:         	White=12    	Black=19     Best:        	White=1     	Black=3      Strong:       	White=1     	Black=2} 0-1

[Event "Pashayeva Memorial Rapid 2025"]
[Site "Baku"]
[Date "2025.03.03"]
[Round "5.5"]
[White "Fataliyeva, Ulviyya"]
[Black "Aydin, Gulenay"]
[Result "0-1"]
[Annotator "TA"]
[ECO "A14"]
[WhiteElo "2381"]
[BlackElo "2265"]
[PlyCount "102"]
[EventDate "2025.03.01"]
[EventType "tourn"]
[EventCountry "AZE"]
[SourceTitle "playchess.com"]
[Source "ChessBase"]
[SourceQuality "1"]
[TimeControl "900+10"]

1. Nf3 Nf6 2. c4 e6 3. g3 d5 4. Bg2 Be7 5. O-O O-O 6. b3 c6 7. Bb2 b6 8. d3 Bb7 9. Nbd2 Nbd7 10. e4 dxe4 {[%emt 0:04:55] A14: English Opening: 1...e6 with b3 by White.} 11. dxe4 Nc5 12. Ne1 Qc7 $146 {[%emt 0:01:57] White is slightly better.} (12... Qd7 13. e5 Ne8 14. b4 Rd8 15. bxc5 Qxd2 16. Qxd2 Rxd2 17. Bc3 Rd8 18. cxb6 axb6 {1-0 Ciocan,M (2036)-Popa,C (1737) ROM-ch U18 Girls 2018 (1)}) 13. e5 Nfd7 14. f4 f5 15. Ba3 (15. b4 $14) 15... a5 16. Nef3 Rfe8 17. Nd4 Rad8 18. N2f3 (18. Bb2 $11) 18... Nf8 $15 19. Qc2 Ne4 20. Bxe7 Rxe7 21. Rad1 Red7 22. Bh3 g6 23. g4 c5 (23... b5 $17 24. cxb5 Qb6 25. bxc6 Rc8 26. gxf5 (26. cxb7 Rxc2 27. b8=Q Qxb8 $19) 26... gxf5) 24. Nb5 $11 Qb8 25. g5 Bc6 26. Bg2 (26. a4 $1 $11) 26... Bxb5 $17 27. cxb5 Qc7 28. Rfe1 Kf7 ({Black should play} 28... Rd5 $17 29. Rxd5 Rxd5) 29. Bf1 {[%emt 0:00:03] Wards off c4} Rxd1 30. Rxd1 Rxd1 31. Qxd1 Nc3 (31... a4 $1 $11 {should be considered.}) 32. Qd6 {[%emt 0:00:31] [#]} (32. Qd2 $14 {keeps the upper hand.} Ne4 33. Qc2) 32... Qxd6 $1 33. exd6 {[%emt 0:00:01][%mdl 4096] Endgame KBN-KNN} Nd5 (33... Nxa2 $17 {White must now prevent ...Ke8.} 34. Ne5+ Ke8) 34. Ne5+ $11 Ke8 35. Bg2 Nd7 36. Kf2 Nxe5 (36... Nxf4 $2 {perishes.} 37. Bc6 $18) 37. fxe5 {[%emt 0:00:02] Strongly threatening Bxd5. KB-KN} Nb4 38. Ke3 {[%emt 0:01:30] Against Nd3} Nxa2 39. h4 $2 {[%emt 0:00:06][%mdl 8192] [#]} (39. Bc6+ $11 Kd8 40. Kd2) 39... Nc1 $1 $19 40. h5 Nxb3 41. hxg6 hxg6 42. Kd3 Nd4 43. Kc4 Kd7 44. Bb7 f4 {[%emt 0:00:12] ( -> ...f3)} 45. Be4 f3 {[%emt 0:00:22] ( -> ...f2)} 46. Bxg6 f2 47. Bd3 Nf3 48. Kc3 Nxg5 {[%emt 0:00:17] Black mates.} 49. Kd2 Nf3+ 50. Ke3 Nxe5 51. Bf1 a4 {[%emt 0:00:21] Weighted Error Value: White=1.03/Black=0.13 (very precise)   Loses game:     	White=1     	---        Mistake:       	White=4     	Black=4      Inaccurate:     	White=3     	Black=1      OK:         	White=6     	Black=11     Best:        	White=2     	Black=2      Strong:       	---       	Black=2} 0-1

[Event "Pashayeva Memorial Rapid 2025"]
[Site "Baku"]
[Date "2025.03.03"]
[Round "6.1"]
[White "Salimova, Nurgyul"]
[Black "Aydin, Gulenay"]
[Result "1-0"]
[Annotator "TA"]
[ECO "D02"]
[WhiteElo "2404"]
[BlackElo "2265"]
[PlyCount "55"]
[EventDate "2025.03.01"]
[EventType "tourn"]
[EventCountry "AZE"]
[SourceTitle "playchess.com"]
[Source "ChessBase"]
[SourceQuality "1"]
[TimeControl "900+10"]

1. d4 d5 2. Nf3 Nf6 3. Bf4 c5 4. e3 Nc6 5. Nbd2 Qb6 6. dxc5 {[%emt 0:00:09] D02: 1 d4 d5 2 Nf3 sidelines, including 2...Nf6 3 g3 and 2...Nf6 3 Bf4.} Qxb2 7. Rb1 Qc3 8. Bb5 {[%emt 0:00:05] The position is equal.} e6 9. O-O Be7 10. Nb3 O-O 11. Bxc6 bxc6 12. Be5 Qc4 13. Nfd4 Bd7 14. f3 $146 {[%emt 0:00:09] Dodges Ne4} (14. Nf3 $11) (14. Na5 Qxc5 15. Nb7 Qa3 16. Qd3 Ne4 17. Rb3 Qxa2 18. Nxc6 Bxc6 19. Ra1 Bb5 20. Rxa2 Bxd3 21. cxd3 {0-1 Victor,J (2297)-Volkov,M (2337) Titled Tuesday intern op 28th May Early blitz 2024 (1)}) 14... Bxc5 (14... a5 $17 {Black wants to play ...a4.} 15. Qd3 Qxd3 16. cxd3 a4) 15. Nxc5 $11 Qxc5 16. Rb7 {[%emt 0:00:05] [#]} Rfd8 17. Bc7 (17. Qd2 $11) 17... Rdc8 (17... Bc8 $1 $17 18. Bxd8 Bxb7 19. Bxf6 gxf6) 18. Be5 $15 Rd8 19. Qe1 Ne8 20. Qg3 (20. Nb3 $1 $15 Qa3 21. Qc1 Qxc1 22. Rxc1) 20... f6 $17 21. Bc7 Nxc7 22. Rxc7 {[%emt 0:00:07][%cal Og3g7] [#] Qxg7+! would now be deadly.} g6 {[%emt 0:00:30] ...e5 would now be deadly.} 23. Qh4 $2 (23. f4 $17) 23... e5 $19 24. Ne6 (24. Qxf6 exd4 25. exd4 Qf8 (25... Qxc2 $2 26. Qe5 $19) 26. Qxf8+ Kxf8) 24... Qxe3+ ({Inferior is} 24... Bxe6 25. Qxh7+ (25. Qxf6 $2 {loses.} Bd7 $19) 25... Kf8 26. Qh8+ (26. Qxg6 Bd7 $16) 26... Bg8 27. Qg7+ (27. Qxf6+ Ke8 28. Qxe5+ Kf8 29. Qg7+ Ke8 30. Qxg8+ Qf8 31. Qxg6+ Qf7 32. Qxf7#) 27... Ke8 28. Qxg8+ Qf8 29. Qxg6+) (24... Qd6 $19 {avoids the disaster.} 25. Nxd8 Qxc7) 25. Kh1 $18 Bxe6 $2 (25... Kf7 $18) 26. Qxh7+ {[%emt 0:00:02] White mates.} Kf8 27. Qg7+ Ke8 28. Qe7# {[%emt 0:00:12] Weighted Error Value: White=0.34/Black=0.54  Loses game:     	White=1     	---        Missed win:     	---       	Black=1      Mistake:       	White=3     	Black=3      Inaccurate:     	White=2     	Black=1      OK:         	White=5     	Black=10     Best:        	White=3     	---} 1-0

[Event "Pashayeva Memorial Rapid 2025"]
[Site "Baku"]
[Date "2025.03.03"]
[Round "6.2"]
[White "Mamedjarova, Turkan"]
[Black "Fataliyeva, Ulviyya"]
[Result "0-1"]
[Annotator "TA"]
[ECO "C54"]
[WhiteElo "2197"]
[BlackElo "2381"]
[PlyCount "104"]
[EventDate "2025.03.01"]
[EventType "tourn"]
[EventCountry "AZE"]
[SourceTitle "playchess.com"]
[Source "ChessBase"]
[SourceQuality "1"]
[TimeControl "900+10"]

1. e4 e5 2. Nf3 Nc6 3. Bc4 Nf6 4. d3 Bc5 5. c3 d6 6. b4 Bb6 7. a4 {[%emt 0:00:03] 7.0-0 is vanishing.} a5 8. b5 Ne7 9. h3 {[%emt 0:00:05] C54: Giuoco Piano: 4 c3 Nf6, main lines with 5 d4 and 5 d3.} Ng6 10. O-O O-O 11. Re1 {[%emt 0:00:55] Black has an edge.} c6 12. Ba2 d5 13. exd5 Nxd5 14. d4 $146 ({Predecessor:} 14. Bg5 Qd6 15. d4 exd4 16. bxc6 bxc6 17. cxd4 Be6 18. Bd2 Ndf4 19. Nc3 Bxa2 20. Rxa2 {1-0 Alexandre Bisquert,F (2303)-Potrata,J (2326) W-ch30 prel01 email 2006}) 14... exd4 15. cxd4 Bf5 16. Bg5 Qd6 17. Bxd5 ({White should play} 17. Na3 $11) 17... Qxd5 (17... cxd5 $15 18. Nc3 Rfc8) 18. Nc3 $11 Qc4 (18... Qd7 {simplifies} 19. Be3 Rfd8 20. d5 Bxe3 21. Rxe3 cxd5 22. Qd2 Be6) 19. Rc1 Rfe8 20. Qd2 (20. d5 $11) 20... h6 {[%emt 0:00:17][%csl Od4] Black attacks a weakness} 21. Be3 Rad8 22. Qb2 (22. Qd1 $11 {remains equal.}) 22... Qb4 $17 23. Qa1 Bc7 24. d5 {[%emt 0:00:22] [#]} cxb5 $2 (24... cxd5 25. Nxd5 Rxd5 26. Rxc7 $11) (24... Nh4 $1 $19 25. Nxh4 Qxh4) 25. Nxb5 $11 Bf4 26. Nfd4 Bd3 {[%emt 0:01:41] A strong pair of Bishops.} 27. Rcd1 Bxe3 28. fxe3 (28. Rxe3 $11 Rxe3 29. fxe3) 28... Be4 29. Nc3 Nh4 30. Nxe4 Rxe4 31. Qa2 Qc5 32. d6 $2 Rxd6 $19 {[%emt 0:00:30][%cal Oh4g2] [#]} (32... Qxd6 33. Rf1 Qg6 (33... Rxe3 $2 34. Qxf7+ Kh8 35. Nf5 $18) 34. Qf2 $19) 33. Rc1 $2 (33. Kh1) 33... Qg5 34. Rc8+ Kh7 35. Qc2 Qg6 {[%emt 0:01:04] Active counter play!} (35... f5 $19 {[%cal Od6d4] and Black stays clearly on top. Hoping for ...Rdxd4!.} 36. Rc4 Rdxd4 (36... Rxe3 $2 37. Rxe3 Qxe3+ 38. Qf2 $19) (36... Rg6 $2 37. Re2 $19) 37. Rxd4 Nf3+ (37... Rxe3 $2 38. Rxe3 Qxe3+ 39. Qf2 $18) 38. Kf1 Nxe1 (38... Nxd4 $2 39. exd4 Qf4+ 40. Qf2 $19)) 36. Re2 $17 Rd5 37. Kh1 Rg5 38. g4 $2 (38. Rb8 $17 {is a better defense.}) 38... Rge5 (38... h5 $142 39. Qc7 hxg4 40. Qxb7 (40. Qb8 $2 Qf6 $19) 40... gxh3) 39. Rc3 $2 (39. Rc5) 39... h5 $19 40. gxh5 (40. Rf2 $142) 40... Rxh5 41. Rf2 Rg5 42. Nf3 {[%emt 0:00:18] Against Rg1+} Rg3 43. Qe2 Rxh3+ (43... Rxa4 $142 44. Rc1 Nxf3 (44... Rxh3+ $2 45. Rh2 $19) 45. Rxf3 Rh4 (45... Qe4 $2 46. Rcf1 $19) 46. Rxg3 Qxg3) 44. Rh2 Rxh2+ 45. Qxh2 Qh5 46. Ng1 Qd5 47. Nf3 Rg4 48. e4 Qxe4 (48... Qd1+ $142 49. Ng1 Qe1 (49... Rxe4 $2 50. Qa2 $19) (49... Qxa4 $2 50. Qe2 $19)) 49. Qh3 Qb1+ 50. Kh2 Qb2+ (50... Rxa4 51. Nxh4 Qb2+ 52. Ng2+ Kg6 53. Rg3+ Kf6 54. Rf3+ Ke7 55. Qf5 $18) 51. Kh1 Qb1+ ({Inferior is} 51... Qxc3 52. Ng5+ Rxg5 53. Qxc3 $11) 52. Kh2 Rg2+ {[%emt 0:00:02] Weighted Error Value: White=0.97/Black=0.75  Loses game:     	White=2     	---        Missed win:     	---       	Black=1      Mistake:       	White=8     	Black=2      Inaccurate:     	White=1     	Black=4      OK:         	White=7     	Black=8      Best:        	White=1     	Black=5} (52... Rxa4 $2 {perishes.} 53. Nxh4 Qb2+ 54. Ng2+ Kg6 55. Rg3+ Kf6 56. Rf3+ Ke7 57. Qf5 $18) 0-1